Map: Abyssal Reef LE

Players

A.I. 1 (Elite)

  • Race: Zerg Zerg
  • Spawn Location: 5:00

A.I. 2 (Elite)

  • Race: Terran Terran
  • Spawn Location: 11:00

VOD

Have the link to the VOD?

Description

Time

  • Played on: July 12, 2017, 5:48 p.m.
  • Length: 10:51
Show
View Real Time Build Order
Export as new Build Order

A.I. 1 (Elite) Zerg 

Build Orders: Pool First 

Get SALT Encoding   

  12  0:01  Drone  
  13  0:12  Overlord  
  13  0:16  Drone  
  14  0:31  Drone x2  
  14  0:34  Drone  
  17  0:48  Drone, Spawning Pool  
  17  1:12  Hatchery  
  17  1:13  Drone  
  17  1:16  Extractor  
  17  1:18  Drone  
  17  1:21  Extractor  
  17  1:24  Drone  
  17  1:28  Drone  
  18  1:38  Drone  
  19  1:49  Overlord  
  19  1:55  Queen  
  19  2:01  Zergling x2  
  22  2:11  Drone  
  23  2:23  Queen  
  23  2:27  Drone  
  26  2:34  Drone  
  27  2:39  Drone  
  28  2:44  Drone  
  29  2:58  Roach Warren  
  28  2:59  Drone  
  28  3:03  Drone  
  30  3:06  Zergling x2  
  30  3:10  Zergling x2  
  32  3:15  Overlord  
  32  3:18  Drone  
  33  3:21  Drone  
  34  3:38  Roach  
  34  3:40  Roach, Zergling x2  
  42  3:41  Roach x2  
  42  3:47  Lair  
  42  3:52  Overlord  
  42  3:57  Overlord  
  42  4:01  Zergling x2  
  43  4:10  Zergling x4, Drone  
  43  4:11  Drone  
  43  4:13  Drone  
  43  4:16  Drone  
  49  4:18  Drone  
  49  4:22  Roach  
  52  4:26  Roach  
  52  4:30  Overlord  
  54  4:38  Drone  
  55  4:40  Drone  
  55  4:41  Drone  
  55  4:44  Drone  
  58  4:48  Infestation Pit, Drone  
  58  4:49  Overlord  
  58  4:54  Overlord  
  58  4:58  Roach  
  60  5:00  Roach  
  60  5:05  Hydralisk Den  
  61  5:10  Drone  
  61  5:11  Drone  
  61  5:13  Drone  
  64  5:15  Drone  
  64  5:17  Drone  
  64  5:19  Drone  
  64  5:20  Drone  
  68  5:22  Drone  
  68  5:24  Drone  
  68  5:26  Drone  
  68  5:28  Drone  
  72  5:30  Drone  
  72  5:33  Overlord  
  73  5:36  Hydralisk  
  73  5:37  Drone, Hydralisk  
  73  5:41  Infestor  
  80  5:43  Roach  
  82  5:51  Roach  
  82  5:53  Overlord, Infestor  
  86  5:59  Metabolic Boost  
  86  6:02  Evolution Chamber  
  85  6:11  Hatchery, Evolution Chamber  
  83  6:18  Drone  
  83  6:20  Drone  
  83  6:23  Ravager  
  83  6:24  Evolution Chamber  
  83  6:25  Drone  
  86  6:26  Roach  
  86  6:29  Zerg Melee Weapons Level 1  
  88  6:34  Extractor, Drone  
  88  6:36  Zerg Ground Armor Level 1  
  88  6:39  Extractor  
  88  6:40  Ravager  
  88  6:44  Overlord, Roach  
  90  6:50  Zerg Missile Weapons Level 1  
  90  6:52  Hydralisk  
  92  6:56  Drone  
  92  6:57  Drone  
  92  7:01  Drone, Hydralisk  
  94  7:02  Overlord, Drone x2  
  99  7:13  Spine Crawler, Drone  
  99  7:14  Overseer  
  99  7:17  Spine Crawler  
  99  7:18  Drone  
  99  7:21  Infestor  
  101  7:24  Drone x2  
  101  7:25  Drone x2  
  101  7:26  Overlord, Drone x3  
  101  7:27  Drone x2  
  110  7:33  Extractor, Drone  
  110  7:34  Drone  
  111  7:37  Drone  
  111  7:43  Infestor, Drone  
  111  7:44  Drone x2  
  116  7:45  Overlord  
  116  7:48  Roach x2, Drone  
  116  7:49  Drone  
  123  7:55  Drone x2  
  123  7:57  Pathogen Glands  
  125  8:00  Drone  
  126  8:05  Overlord  
  126  8:06  Extractor, Drone  
  126  8:10  Drone  
  127  8:16  Roach, Drone x2  
  127  8:17  Spore Crawler, Drone  
  127  8:18  Drone  
  132  8:20  Drone  
  132  8:23  Spore Crawler  
  132  8:24  Overlord  
  132  8:27  Zerg Melee Weapons Level 2  
  132  8:29  Hatchery, Drone  
  132  8:31  Drone  
  133  8:47  Queen  
  135  8:49  Zergling x2  
  135  8:50  Overlord, Zergling x4  
  138  9:04  Spine Crawler  
  138  9:06  Hydralisk  
  138  9:09  Hydralisk  
  141  9:17  Spine Crawler  
  141  9:20  Drone, Spore Crawler  
  141  9:22  Overlord, Roach  
  141  9:23  Roach  
  144  9:28  Zergling x2, Queen  
  147  9:34  Spine Crawler  
  147  9:36  Spine Crawler  
  147  9:37  Zergling x2  
  147  9:38  Spine Crawler, Zergling x4  
  143  9:39  Zergling x2  
  143  9:40  Zergling x2  
  143  9:41  Zergling x2  
  143  9:42  Zergling x2, Drone  
  143  9:43  Zergling x2, Drone x2  
  143  9:44  Drone, Overseer  
  143  9:45  Drone  
  146  9:46  Overlord, Zergling x2, Overseer  
  146  9:47  Overseer  
  146  9:48  Hatchery, Baneling Nest  
  146  9:50  Drone  
  146  9:51  Drone  
  139  9:56  Ravager  
  139  9:59  Infestor, Hydralisk  
  142  10:01  Hydralisk  
  142  10:03  Ravager  
  142  10:05  Zergling x2  
  119  10:22  Drone  
  119  10:24  Drone  
  119  10:26  Zergling x2  
  106  10:28  Zergling x2  
  106  10:30  Drone  
  106  10:32  Drone  
  106  10:34  Drone  
Show
View Real Time Build Order
Export as new Build Order

A.I. 2 (Elite) Terran 

Build Orders: Command Center First (CC), Mech 

Get SALT Encoding   

  12  0:00  SCV  
  13  0:13  SCV  
  14  0:18  Supply Depot  
  14  0:25  SCV  
  15  0:40  SCV  
  16  0:52  SCV  
  17  1:03  Command Center  
  17  1:04  SCV  
  18  1:17  Barracks  
  18  1:18  SCV  
  19  1:40  Refinery  
  19  1:51  Supply Depot  
  19  1:52  SCV  
  20  2:03  Marine  
  20  2:04  Refinery  
  20  2:05  Orbital Command  
  21  2:16  SCV  
  21  2:21  Marine  
  23  2:28  SCV  
  24  2:31  SCV  
  25  2:39  Marine  
  25  2:40  Orbital Command  
  26  2:49  Factory  
  26  2:50  SCV  
  27  2:57  Marine  
  28  3:01  Factory  
  28  3:04  SCV  
  29  3:07  SCV  
  30  3:15  Marine  
  30  3:16  SCV  
  30  3:19  SCV  
  33  3:21  Supply Depot  
  33  3:28  SCV  
  33  3:31  SCV  
  33  3:32  Marine, Factory Tech Lab  
  36  3:40  SCV  
  37  3:43  SCV  
  37  3:44  Factory Tech Lab  
  38  3:50  Marine  
  38  3:51  Siege Tank  
  38  3:52  SCV  
  38  3:55  Supply Depot, SCV  
  43  4:02  Siege Tank  
  47  4:04  SCV  
  47  4:07  SCV  
  49  4:11  Supply Depot, Marine  
  49  4:16  SCV  
  51  4:20  Supply Depot, SCV  
  51  4:23  Siege Tank  
  55  4:28  SCV  
  56  4:32  SCV  
  56  4:35  Supply Depot  
  56  4:38  Marine  
  58  4:41  SCV  
  58  4:42  Siege Tank  
  58  4:44  SCV  
  63  4:53  SCV  
  63  4:54  Supply Depot  
  63  4:55  Marine  
  63  4:56  SCV  
  63  4:59  Barracks  
  66  5:02  Hellion  
  66  5:04  Armory  
  66  5:05  SCV  
  66  5:06  Refinery  
  69  5:08  SCV  
  69  5:09  Refinery  
  70  5:14  Barracks Tech Lab  
  70  5:15  Hellion  
  70  5:17  SCV  
  73  5:24  Hellion  
  75  5:29  SCV x2  
  75  5:31  Command Center  
  77  5:36  Hellion  
  77  5:41  SCV x2  
  81  5:49  Armory  
  81  5:51  Hellion  
  81  5:53  SCV, Terran Vehicle And Ship Armor Level 1  
  81  5:55  SCV  
  81  5:56  Supply Depot  
  85  5:58  Hellion  
  85  5:59  Marauder  
  85  6:01  Factory  
  88  6:05  SCV  
  89  6:18  Siege Tank  
  92  6:20  Supply Depot  
  92  6:21  Marauder  
  94  6:33  Engineering Bay  
  94  6:36  Terran Vehicle Weapons Level 1  
  94  6:38  Engineering Bay  
  94  6:42  Marauder  
  94  6:43  SCV x3  
  99  6:53  Siege Tank  
  102  6:55  SCV x2  
  102  6:56  Refinery, SCV  
  102  6:58  Supply Depot  
  102  6:59  Terran Infantry Weapons Level 1, Refinery  
  105  7:04  Terran Infantry Armor Level 1, Marauder  
  105  7:07  SCV, Missile Turret  
  105  7:08  SCV, Infernal Pre-Igniter  
  109  7:09  SCV  
  109  7:10  Command Center  
  109  7:12  Missile Turret  
  110  7:19  SCV  
  110  7:20  SCV  
  110  7:22  SCV  
  113  7:25  Marauder  
  113  7:27  Supply Depot, Thor  
  121  7:31  SCV  
  121  7:32  SCV  
  121  7:34  SCV  
  124  7:40  Thor  
  124  7:43  SCV, Missile Turret  
  131  7:45  SCV  
  131  7:49  Marauder  
  134  7:53  Missile Turret  
  134  7:55  Factory Tech Lab, Missile Turret  
  134  7:57  Supply Depot, Orbital Command  
  134  8:10  Siege Tank  
  137  8:15  Missile Turret  
  137  8:19  Thor  
  143  8:23  Siege Tank, Starport  
  143  8:26  Supply Depot  
  146  8:42  Widow Mine, Refinery  
  146  8:43  Missile Turret  
  146  8:44  Marauder  
  146  8:46  SCV  
  146  8:47  Refinery  
  150  8:51  Supply Depot, Planetary Fortress  
  150  8:54  Missile Turret  
  150  8:59  Medivac  
  152  9:06  Missile Turret, Marauder  
  154  9:20  Thor  
  154  9:21  Widow Mine, Missile Turret  
  154  9:23  Missile Turret  
  154  9:24  Command Center  
  162  9:27  Marauder, Missile Turret  
  162  9:29  Supply Depot  
  164  9:32  Starport Tech Lab  
  158  9:43  SCV  
  156  9:49  Marauder  
  156  9:50  SCV  
  156  9:51  Raven  
  155  9:58  Supply Depot  
  137  10:05  SCV  
  125  10:07  Marine  
  125  10:10  Marauder  
  125  10:11  SCV  
  125  10:12  SCV  
  127  10:17  SCV  
  127  10:18  Siege Tank  
  129  10:23  SCV, Hellion  
  129  10:25  SCV  
  129  10:28  Hellion  
  135  10:29  SCV  
  136  10:35  SCV  
  136  10:36  SCV  
  136  10:42  Command Center  
Tags
 
Add a new tag
Caveats
  • Supply blocks, unpowered buildings, or Contaminate may cause inaccurate times.
  • Supply counts are checked every 10 seconds.